Map: Oxide LE

Players

AGOElazer (Elazer) - Winner!

  • Race: Zerg Zerg
  • League: Grandmaster

HeroMarine

  • Race: Terran Terran
  • League: Master

Event: DreamHack SC2 Masters 2021 Summer

VOD

Have the link to the VOD?

Description

Time

  • Played on: June 5, 2021, 9:29 a.m.
  • Length: 11:22

All games in this series

Show
View Real Time Build Order
Export as new Build Order

AGOElazer Zerg - Winner!

Build Orders: Hatch First 

Get SALT Encoding   

  12  0:00  Drone  
  13  0:12  Overlord  
  13  0:17  Drone  
  14  0:30  Drone x2  
  16  0:46  Hatchery  
  15  0:50  Drone  
  15  0:54  Drone  
  17  0:57  Drone  
  18  1:07  Extractor  
  17  1:12  Spawning Pool  
  17  1:15  Drone  
  18  1:18  Drone  
  18  1:27  Drone  
  19  1:38  Drone  
  20  1:49  Drone  
  21  1:58  Queen x2  
  21  2:00  Zergling x4  
  27  2:09  Drone  
  27  2:10  Overlord  
  28  2:19  Hatchery  
  27  2:23  Drone  
  27  2:29  Drone  
  28  2:38  Queen, Metabolic Boost  
  28  2:41  Drone  
  31  2:44  Drone  
  31  2:46  Drone  
  31  2:51  Overlord  
  33  2:53  Drone  
  34  3:02  Drone  
  34  3:03  Drone  
  36  3:09  Drone x3  
  36  3:10  Overlord  
  39  3:15  Queen  
  41  3:21  Queen  
  41  3:22  Drone  
  44  3:29  Drone x2  
  44  3:31  Queen  
  44  3:33  Zergling x2  
  49  3:37  Drone  
  49  3:38  Zergling x4  
  49  3:40  Zergling x2  
  53  3:43  Overlord  
  53  3:49  Drone x4  
  53  3:51  Drone  
  58  3:56  Overlord  
  58  4:01  Queen  
  60  4:05  Drone x4  
  60  4:07  Drone  
  65  4:14  Overlord  
  65  4:15  Drone x2  
  66  4:23  Drone x3  
  69  4:24  Overlord  
  69  4:27  Baneling Nest  
  69  4:28  Zergling x8  
  72  4:32  Overlord  
  72  4:34  Lair  
  72  4:41  Queen  
  72  4:44  Drone x4  
  78  4:48  Drone  
  78  4:51  Extractor  
  78  4:52  Extractor  
  77  4:55  Overlord  
  77  4:57  Drone x4  
  81  5:02  Overlord  
  81  5:03  Spore Crawler  
  81  5:05  Spore Crawler x2  
  81  5:07  Drone  
  79  5:08  Drone x6  
  85  5:15  Overlord  
  85  5:24  Hatchery, Drone x6  
  85  5:28  Overlord  
  90  5:30  Drone  
  90  5:31  Evolution Chamber  
  90  5:32  Extractor, Evolution Chamber  
  90  5:34  Drone x3  
  91  5:37  Overlord  
  87  5:43  Overlord  
  87  5:46  Zergling x10  
  91  5:55  Centrifical Hooks  
  91  5:56  Overlord  
  91  5:58  Zerg Melee Weapons Level 1  
  91  5:59  Zerg Ground Armor Level 1  
  91  6:00  Zergling x8  
  95  6:05  Zergling x4  
  97  6:12  Overlord  
  97  6:13  Zergling x8  
  101  6:25  Zergling x6, Overseer  
  104  6:26  Baneling x3  
  104  6:27  Baneling x2, Pneumatized Carapace  
  104  6:28  Overlord  
  104  6:30  Hatchery, Zergling x6  
  106  6:35  Zergling x10  
  111  6:45  Zergling x10  
  115  6:52  Zergling x2  
  115  6:53  Zergling x4  
  118  6:55  Drone x3  
  121  7:03  Drone x5, Baneling x8  
  121  7:04  Drone  
  121  7:05  Drone  
  121  7:08  Drone x3  
  129  7:14  Zergling x8  
  130  7:20  Zergling x4  
  128  7:23  Baneling x9  
  128  7:27  Drone x8  
  134  7:31  Hatchery  
  134  7:34  Baneling x11  
  134  7:36  Overseer  
  133  7:40  Zergling x12  
  138  7:48  Zergling x14  
  138  7:50  Zergling x2  
  131  7:54  Overlord  
  131  7:55  Zergling x14  
  134  8:03  Zergling x14  
  128  8:06  Zergling x8  
  128  8:07  Zerg Ground Armor Level 2  
  128  8:10  Overlord  
  128  8:14  Drone  
  128  8:18  Drone x2, Spore Crawler  
  130  8:20  Zerg Melee Weapons Level 2, Spore Crawler  
  130  8:21  Baneling  
  130  8:22  Baneling x4  
  130  8:23  Drone  
  130  8:24  Extractor  
  130  8:25  Drone x3  
  132  8:27  Drone x2  
  132  8:28  Baneling x3  
  132  8:33  Zergling x20  
  140  8:38  Zergling x10  
  144  8:44  Drone x3  
  144  8:45  Baneling x7  
  144  8:47  Overlord  
  144  8:50  Drone  
  144  8:51  Drone  
  144  8:52  Drone x3  
  144  8:55  Zergling x4  
  151  9:00  Zergling x2  
  151  9:01  Zergling x12  
  156  9:04  Hatchery  
  156  9:07  Baneling  
  156  9:08  Baneling x10  
  156  9:09  Baneling  
  155  9:12  Zergling x12  
  155  9:16  Baneling  
  155  9:17  Baneling x3  
  161  9:18  Overlord  
  161  9:20  Overlord  
  161  9:21  Extractor  
  161  9:22  Baneling x3, Zergling x14  
  161  9:23  Zergling x4  
  169  9:27  Zergling x14  
  160  9:43  Zergling x20  
  168  9:46  Drone  
  168  9:47  Drone  
  168  9:48  Infestation Pit  
  168  9:49  Overlord  
  168  9:52  Baneling x10  
  169  9:54  Overseer  
  169  9:55  Zergling x22  
  176  10:02  Zergling x14  
  176  10:05  Baneling x8  
  177  10:11  Zergling x8  
  151  10:14  Zergling x4  
  151  10:15  Zergling x2  
  151  10:18  Baneling x7  
  151  10:20  Zergling x16  
  151  10:21  Zergling x4  
  149  10:28  Zergling x12  
  149  10:32  Zergling x6  
  149  10:34  Zergling x4  
  151  10:36  Baneling x11  
  151  10:38  Zergling x2  
  151  10:41  Overlord  
  151  10:42  Zergling x4  
  148  10:47  Zergling x10  
  139  10:53  Zergling x8  
  139  10:56  Zergling x2  
  139  10:57  Zergling x6  
  137  10:58  Baneling x13  
  137  11:00  Zergling x4  
Show
View Real Time Build Order
Export as new Build Order

HeroMarine Terran 

Build Orders: Reaper Expand 

Get SALT Encoding   

  12  0:00  SCV  
  13  0:12  SCV  
  14  0:17  Supply Depot  
  14  0:24  SCV  
  15  0:38  SCV  
  15  0:40  Barracks  
  15  0:42  Refinery  
  16  0:50  SCV  
  17  1:03  SCV  
  18  1:15  SCV  
  19  1:27  Reaper, Orbital Command  
  20  1:39  Command Center  
  20  1:48  Supply Depot  
  20  1:53  SCV  
  21  1:59  Marine  
  22  2:05  SCV  
  23  2:08  Factory  
  23  2:17  SCV  
  23  2:19  Barracks Reactor  
  24  2:29  SCV  
  25  2:41  SCV  
  25  2:43  Command Center  
  26  2:53  Orbital Command, SCV  
  27  3:02  Starport  
  27  3:05  SCV  
  28  3:13  Refinery  
  28  3:17  Hellion  
  28  3:18  SCV  
  31  3:20  SCV  
  31  3:24  Hellion  
  34  3:30  SCV  
  34  3:33  SCV  
  36  3:38  Hellion  
  36  3:40  Viking  
  40  3:43  SCV  
  40  3:45  SCV, Hellion  
  40  3:47  Barracks Tech Lab  
  44  3:55  SCV, Orbital Command  
  45  3:57  SCV  
  45  4:02  Hellion  
  48  4:07  Hellion  
  48  4:08  Supply Depot  
  50  4:10  Liberator  
  50  4:11  SCV  
  50  4:13  SCV  
  55  4:18  Marine  
  55  4:22  SCV  
  55  4:23  SCV  
  58  4:25  SCV  
  58  4:26  Stimpack  
  58  4:27  Supply Depot  
  59  4:34  SCV  
  59  4:35  Barracks  
  59  4:36  SCV  
  59  4:37  SCV  
  62  4:40  Barracks  
  62  4:44  Factory Reactor  
  62  4:47  SCV  
  62  4:48  SCV, Marine  
  62  4:49  Refinery, SCV  
  62  4:50  Refinery  
  66  4:57  Engineering Bay  
  66  4:58  Starport Reactor, Engineering Bay  
  67  5:01  SCV x2  
  67  5:05  Orbital Command, Marine, Supply Depot  
  69  5:13  SCV x2  
  69  5:23  Marine, Terran Infantry Weapons Level 1  
  69  5:25  Terran Infantry Armor Level 1, SCV x2  
  69  5:26  Barracks  
  69  5:27  Barracks  
  72  5:31  SCV  
  72  5:32  Marine  
  72  5:33  Marine x2  
  72  5:34  Factory Reactor  
  76  5:36  Medivac  
  76  5:37  SCV  
  76  5:38  SCV  
  76  5:40  Medivac  
  82  5:43  SCV  
  82  5:49  Supply Depot  
  84  5:50  SCV, Marine  
  84  5:52  Supply Depot  
  84  5:55  Supply Depot  
  85  6:04  Supply Depot  
  85  6:05  Combat Shield  
  85  6:10  Marine x5  
  85  6:11  SCV x3  
  93  6:17  Barracks Reactor x2  
  93  6:19  Armory  
  93  6:21  Supply Depot  
  93  6:22  Supply Depot  
  93  6:23  SCV x3  
  96  6:28  Marine x4  
  96  6:29  Supply Depot  
  96  6:31  Refinery  
  100  6:33  Factory  
  100  6:35  SCV x3  
  100  6:37  Marine  
  104  6:46  Marine x4  
  107  6:47  SCV x3  
  107  6:48  Sensor Tower, Supply Depot  
  107  6:50  Hellion x2  
  107  6:54  Medivac  
  115  6:55  Medivac  
  115  6:56  Marine x2  
  115  6:59  SCV, Marine x3  
  123  7:06  Marine x2  
  124  7:08  Marine x2  
  124  7:14  Marine  
  120  7:17  Marine x2  
  120  7:18  Factory Tech Lab  
  120  7:19  Hellion x2  
  120  7:22  SCV x3  
  128  7:24  Marine x3  
  131  7:30  Terran Infantry Armor Level 2, Terran Infantry Weapons Level 2  
  131  7:32  Marine x4  
  131  7:34  Medivac  
  137  7:39  Hellion  
  138  7:49  Marine x2  
  138  7:51  SCV x2  
  106  7:54  SCV  
  106  7:55  Marine x7  
  103  8:00  Hellion  
  103  8:03  SCV  
  103  8:04  Hellion  
  94  8:05  SCV  
  94  8:06  SCV, Marine  
  94  8:09  Marine  
  94  8:15  SCV  
  94  8:17  SCV  
  94  8:18  SCV  
  97  8:22  Marine x4  
  97  8:23  Marine  
  97  8:24  Marine  
  97  8:25  Marine  
  104  8:27  SCV  
  104  8:29  SCV  
  104  8:30  SCV  
  102  8:41  Marine x4  
  102  8:42  Marine x4  
  102  8:43  Marine  
  102  8:46  Widow Mine x2  
  102  8:48  Widow Mine, Drilling Claws  
  112  8:58  Medivac x2  
  112  8:59  SCV x3, Marine x4  
  120  9:02  Marine  
  120  9:05  Marine  
  120  9:07  Widow Mine  
  120  9:08  Widow Mine, Marine  
  120  9:09  Marine  
  128  9:10  Marine  
  128  9:11  SCV  
  130  9:17  Marine x4  
  130  9:20  Marine  
  130  9:22  Widow Mine, Marine  
  138  9:28  Medivac  
  138  9:29  Widow Mine x2  
  139  9:32  Command Center  
  139  9:35  SCV x2  
  139  9:36  SCV  
  139  9:37  Marine x6  
  142  9:39  Marine  
  142  9:44  Widow Mine  
  141  9:53  Marine x2  
  141  9:54  Widow Mine, Supply Depot  
  141  9:55  Marine x4  
  141  9:57  Supply Depot  
  141  9:59  Medivac  
  149  10:00  Marine  
  149  10:04  Marine  
  149  10:08  Widow Mine, Marine  
  149  10:10  Widow Mine  
  149  10:11  Marine x2  
  149  10:13  Marine x4  
  149  10:14  Medivac  
  130  10:15  Widow Mine  
  130  10:18  Marine  
  130  10:21  SCV, Marine  
  131  10:26  Marine  
  131  10:28  SCV  
  126  10:29  Marine x2, Medivac  
  126  10:30  Widow Mine  
  126  10:31  Marine x2  
  126  10:33  Marine  
  127  10:37  Orbital Command  
  116  10:51  Marine x2  
  116  10:52  Marine  
  116  10:53  Marine x2  
Tags
 
Add a new tag
Caveats
  • Supply blocks, unpowered buildings, or Contaminate may cause inaccurate times.
  • Supply counts are checked every 10 seconds.